 Dungeon Crawl Stone Soup version 0.31-a0-524-g2a164cf6a2 (webtiles) character file.

Game seed: 10605565195889040546

62 AdnanSaban the Shield-Bearer (level 4, -2/29 HPs)
             Began as a Gargoyle Fighter on Aug 12, 2023.
             Slain by a gnoll
             ... wielding a +0 flail
              (5 damage)
             ... on level 2 of the Dungeon.
             The game lasted 00:00:48 (864 turns).

AdnanSaban the Shield-Bearer (Gargoyle Fighter)      Turns: 864, Time: 00:00:48

Health: -2/29      AC: 10    Str: 22    XL:     4   Next: 8%
Magic:  4/4        EV:  9    Int:  8    God:
Gold:   41         SH:  4    Dex:  9    Spells: 3/3 levels left

rFire   . . .        a - +0 flail
rCold   . . .        c - +0 buckler
rNeg    + . .        b - +0 scale mail
rPois   ∞            (no helmet)
rElec   +            (no cloak)
rCorr   .            (no gloves)
SInv    .            (no boots)
Will    .....        (no amulet) Stlth
                     (no ring)
HPRegen 0.24/turn    (no ring)
MPRegen 0.09/turn

%: no passive effects
@: no status effects
A: sickness immunity, AC +3, negative energy resistance 1, electricity
resistance, torment resistance 1, petrification resistance
a: no special abilities


You were on level 2 of the Dungeon.
You visited 1 branch of the dungeon, and saw 2 of its levels.

You collected 41 gold pieces.

Inventory:

Hand Weapons
 a - a +0 flail (weapon)
Missiles
 j - 3 boomerangs
Armour
 b - a +0 scale mail (worn)
 c - a +0 buckler (worn)
Jewellery
 h - an amulet of guardian spirit
Scrolls
 e - a scroll of torment {unknown}
 f - a scroll of immolation {unknown}
 g - a scroll of poison {unknown}
 i - a scroll of revelation {unknown}
 k - a scroll of fog {unknown}
Potions
 d - a potion of might
 l - a potion of mutation {unknown}
 m - a potion of heal wounds {unknown}


   Skills:
 + Level 3.7 Fighting
 + Level 3.0 Maces & Flails
 + Level 3.7 Armour
 + Level 0.2 Dodging
 + Level 3.9 Shields


You had 3 spell levels left.
You didn't know any spells.
Your spell library was empty.

Dungeon Overview and Level Annotations

Branches:
Dungeon (2/15)

Altars:


Innate Abilities, Weirdness & Mutations

You are immune to sickness and miasma.
Your stone body is resilient. (AC +3)
You are immune to poison.
You resist negative energy. (rN+)
You are resistant to electric shocks. (rElec)
You are resistant to unholy torment.
You are immune to petrification.


Message History

A gnoll comes into view. It is wielding a +0 flail.
The gnoll moves out of view.
A gnoll is nearby!
A gnoll comes into view. It is wielding a +0 spear.
The gnoll shouts!
Found a stone staircase leading down.
You barely miss the gnoll. The gnoll barely misses you. x2
The gnoll hits you but does no damage.
The gnoll hits you from afar with a +0 spear.
You hit the gnoll.
The gnoll is lightly wounded.
The gnoll hits you from afar with a +0 spear.
The gnoll closely misses you.
You barely miss the gnoll.
The gnoll is lightly wounded.
The gnoll hits you but does no damage. x2
You sock the gnoll!
The gnoll is heavily wounded.
The gnoll closely misses you. x2
You barely miss the gnoll.
The gnoll is heavily wounded.
The gnoll hits you but does no damage. You block the gnoll's attack. x2
The gnoll hits you but does no damage.
You thump the gnoll!
You kill the gnoll!
The gnoll hits you from afar with a +0 spear.
Your Maces & Flails skill increases to level 3!
You have reached level 4!
You feel stronger. The gnoll attacks as you move away!
The gnoll hits you but does no damage. The gnoll attacks as you move away!
The gnoll hits you with a +0 flail. The gnoll attacks as you move away!
The gnoll hits you but does no damage. The gnoll attacks as you move away!
The gnoll hits you with a +0 flail. The gnoll attacks as you move away!
The gnoll hits you with a +0 flail.
* * * LOW HITPOINT WARNING * * *
The gnoll attacks as you move away! The gnoll hits you with a +0 flail.
* * * LOW HITPOINT WARNING * * *
Found 7 gold pieces.
The gnoll attacks as you move away! The gnoll hits you with a +0 flail.
You die...

#######....#...#.#
###.##.#...#.#
............#.#
####.####..#..# #.#
#..#.## #.#
#.g#.########### #.
#..#............
$####.g#.##.########
........@.##.#
.#####.......#########
#.####..........# #.#
#...######.# ... #...#
... #..†# .### #...#
.. #...# #...######


You could see 2 gnolls.

Vanquished Creatures
  2 gnolls
  An adder (D:2)
  2 dart slugs (D:1)
  6 bats
  2 endoplasms (D:1)
  A giant cockroach (D:2)
  4 hobgoblins
  4 kobolds (D:1)
  A ball python (D:1)
  3 frilled lizards
  A goblin (D:1)
  3 rats
30 creatures vanquished.

Notes
Turn   | Place    | Note
-------+----------+-------------------------------------------
     0 | D:1      | AdnanSaban the Gargoyle Fighter began the quest for the
                  | Orb.
     0 | D:1      | Reached XP level 1. HP: 14/14 MP: 1/1
    43 | D:1      | Reached XP level 2. HP: 18/19 MP: 2/2
   360 | D:1      | Reached XP level 3. HP: 18/24 MP: 3/3
   853 | D:2      | Reached XP level 4. HP: 16/29 MP: 4/4
   864 | D:2      | Slain by a gnoll

Illustrated notes

Levels and vault maps discovered:
D:1:      wander_arrival_fairy_ring, layout_loops_ring, minmay_tromino_v4_c
D:2:      layout_basic

Skill      XL: |  1  2  3 |
---------------+----------+-----
Maces & Flails | 3 |  3.0
Fighting       | |  3.7
Armour         | |  3.7
Dodging        | |  0.2
Shields        | |  3.9

Action                     |  1- 3 |  4- 6 || total
---------------------------+-------+-------++-------
  Melee: Flail             |    86 |       ||    86
 Armour: Scale mail        |    56 |     2 ||    58
  Dodge: Dodged            |    43 |       ||    43
  Block: Buckler           |    36 |       ||    36

Table legend: (Time is in decaauts)
 A = Elapsed time spent in this place.
 B = Non-inter-level travel time spent in this place.
 C = Inter-level travel time spent in this place.
 D = Time resting spent in this place.
 E = Time spent auto-exploring this place.
 F = Levels seen in this place.
 G = Mean time per level.
                   A        B        C        D        E       F      G
               +--------+--------+--------+--------+--------+-----+--------+
         Total |    891 |    850 |     41 |      0 |    646 |   2 |  445.5 |
       Dungeon |    891 |    850 |     41 |      0 |    646 |   2 |  445.5 |
               +--------+--------+--------+--------+--------+-----+--------+

Top non-repeatable levels by time:
     D:1: 762 daAuts
     D:2: 129 daAuts
